 Dungeon Crawl Stone Soup version 0.28-a0-750-g7c675f85b1 (webtiles) character file.

Game seed: 10481484623039203380

112 karkarkar the Shield-Bearer (level 4, -1/29 HPs)
             Began as a Gargoyle Fighter on Oct 29, 2021.
             Slain by Grinder (6 damage)
             ... on level 3 of the Dungeon.
             The game lasted 00:04:47 (2141 turns).

karkarkar the Shield-Bearer (Gargoyle Fighter)      Turns: 2141, Time: 00:04:48

Health: -1/29      AC: 13    Str: 21    XL:     4   Next: 93%
Magic:  4/4        EV:  7    Int:  8    God:
Gold:   100        SH:  8    Dex:  9    Spells: 3/3 levels left

rFire   . . .      SeeInvis .   a - +0 war axe
rCold   . . .      Faith    .   i - +0 kite shield
rNeg    + . .      Spirit   .   b - +0 scale mail
rPois   ∞          Reflect  .   c - +2 hat
rElec   +          Harm     .   (no cloak)
rCorr   .          Rampage  .   g - +0 pair of gloves
Will    .....                   (no boots)
Stlth   ..........              (no amulet)
HPRegen 0.09/turn               (no ring)
MPRegen 0.09/turn               (no ring)

@: mighty
A: sickness immunity, AC +3, negative energy resistance 1, electricity
resistance, torment resistance 1, petrification resistance
a: no special abilities


You were on level 3 of the Dungeon.
You visited 1 branch of the dungeon, and saw 3 of its levels.

You collected 100 gold pieces.

Inventory:

Hand Weapons
 a - a +0 war axe (weapon)
Missiles
 m - 2 datura-tipped darts
 p - a poisoned dart (quivered)
Armour
 b - a +0 scale mail (worn)
 c - a +2 hat (worn)
 g - a +0 pair of gloves (worn)
 i - a +0 kite shield (worn)
Scrolls
 e - a scroll of teleportation
 o - a scroll of magic mapping {unknown}
 q - a scroll of vulnerability {unknown}
Potions
 f - a potion of brilliance {unknown}
 h - a potion of curing {unknown}
 j - a potion of haste {unknown}
 k - a potion of resistance {unknown}
 l - a potion of cancellation {unknown}
 n - 2 potions of attraction {unknown}


   Skills:
 - Level 3.6 Fighting
 + Level 3.2 Axes
 - Level 3.6 Armour
 - Level 0.1 Dodging
 + Level 0.4 Stealth
 * Level 4.3 Shields


You had 3 spell levels left.
You didn't know any spells.
Your spell library contained the following spells:

 Spells                   Type           Power      Damage    Failure   Level
 Foxfire                  Conj/Fire      0%         2x1d4     99%         1
 Conjure Flame            Conj/Fire      0%         6-21      100%        3
 Inner Flame              Hex/Fire       0%         N/A       100%        3
 Ozocubu's Armour         Ice            0%         N/A       100%        3
 Flame Wave               Conj/Fire      0%         3d3       100%        4
 Metabolic Englaciation   Hex/Ice        0%         N/A       100%        5
 Simulacrum               Ice/Necr       0%         N/A       100%        6


Dungeon Overview and Level Annotations

Branches:
Dungeon (3/15)

Altars:

Annotations:
D:3 Grinder


Innate Abilities, Weirdness & Mutations

You are immune to sickness and miasma.
Your stone body is resilient. (AC +3)
You are immune to poison.
You resist negative energy. (rN+)
You are resistant to electric shocks. (rElec)
You are resistant to unholy torment.
You are immune to petrification.


Message History

No target in view!
p - 3 poisoned darts You see here a +0 whip.
q - a scroll labelled ZUAPITHUYF You see here a +0 whip.
Grinder comes into view.
Grinder shouts!
Grinder blinks!
Grinder moves out of view.
You see here a +0 whip.
Throw: 3 darts (poison)
Press: ? - help, Q - select action, (/) - cycle Shift-Dir - straight line, f - Grinder
Aim: Grinder (50% to hit)
You throw a poisoned dart. The poisoned dart hits Grinder.
Grinder blinks!
Throw: 2 darts (poison)
Press: ? - help, Q - select action, (/) - cycle Shift-Dir - straight line, f/p - Grinder
Aim: Grinder (50% to hit)
You throw a poisoned dart. The poisoned dart hits Grinder.
Grinder gestures at you.
You suddenly lose the ability to move!
Grinder gestures at you.
You shrug off the repeated paralysis!
Grinder drinks a potion.
Grinder flickers and vanishes!
Deactivating autopickup; reactivate with Ctrl-A.
Something hits you but does no damage. x2
You can move again.
You feel very mighty all of a sudden.
You shrug off the repeated paralysis!
You barely miss something.
You suddenly lose the ability to move!
Something hits you.
You writhe in agony.
Something hits you.
You writhe in agony.
Something hits you.
* * * LOW HITPOINT WARNING * * *
You writhe in agony.
* * * LOW HITPOINT WARNING * * *
Something hits you.
* * * LOW HITPOINT WARNING * * *
You can move again.
You barely miss something. Something hits you.
You die...

######## ##......# #####
##.......# #...#
########........# #...#
####.....()(######## #...#
.....##.##.....# #...#
.######.##.....# #...#
####...##.....##### #...#
##....####.....{@..# #...# #
....### ###.#####.# ##..## #
###.### #..# #.###...###### #
#...#####.## #..#.........# #
#.#....##.#######....>.....>###
###'###........................
#≈≈.≈≈###.#########.........###
#≈...≈#.......#####............
#≈...≈#.......##.............#.


There were no monsters in sight!

Vanquished Creatures
  A jelly (D:2)
  3 adders
  2 dart slugs
  6 bats
  7 endoplasms
  6 goblins
  3 hobgoblins
  4 jackals (D:1)
  7 ball pythons
  2 frilled lizards
  4 kobolds
  3 rats
48 creatures vanquished.

Notes
Turn   | Place    | Note
-------+----------+-------------------------------------------
     0 | D:1      | karkarkar the Gargoyle Fighter began the quest for the Orb.
     0 | D:1      | Reached XP level 1. HP: 14/14 MP: 1/1
   201 | D:1      | Reached XP level 2. HP: 18/19 MP: 2/2
   854 | D:2      | Reached XP level 3. HP: 20/23 MP: 3/3
  1339 | D:2      | Found a faded altar of an unknown god.
  1350 | D:2      | Reached skill level 4 in Shields
  1591 | D:2      | Reached XP level 4. HP: 26/29 MP: 4/4
  2106 | D:3      | Noticed Grinder
  2127 | D:3      | Paralysed by Grinder for 7 turns
  2136 | D:3      | Paralysed by something for 5 turns
  2141 | D:3      | Slain by Grinder

Illustrated notes

Levels and vault maps discovered:
D:1:      co_arrival_square_in_a_square_in_a_square, layout_loops_ring
D:2:      layout_loops_ring, shapermc_ecumenical_altar_totnotflames
D:3:      layout_rooms, minmay_misc_feat_columns, kennysheep_minor_cross,
          uniq_crazy_yiuf_cottage, uniq_grinder

Skill      XL: |  1  2  3  4 |
---------------+-------------+-----
Axes           | 2 3 |  3.2
Shields        | 4 |  4.3
Fighting       | |  3.6
Armour         | |  3.6
Dodging        | |  0.1
Stealth        | |  0.4

Action                   |  1- 3 |  4- 6 || total
-------------------------+-------+-------++-------
Melee: War axe           |    90 |    38 ||   128
Throw: Dart              |     1 |     2 ||     3
  Use: Scroll            |     2 |       ||     2
       Potion            |       |     1 ||     1
Armor: Scale mail        |    66 |    15 ||    81
Dodge: Dodged            |    45 |     7 ||    52
Block: Buckler           |    13 |       ||    13
       Kite shield       |    32 |    19 ||    51

Table legend: (Time is in decaauts)
 A = Elapsed time spent in this place.
 B = Non-inter-level travel time spent in this place.
 C = Inter-level travel time spent in this place.
 D = Time resting spent in this place.
 E = Time spent auto-exploring this place.
 F = Levels seen in this place.
 G = Mean time per level.
                   A        B        C        D        E       F      G
               +--------+--------+--------+--------+--------+-----+--------+
         Total |   2211 |   2173 |     38 |     30 |   1674 |   3 |  737.0 |
       Dungeon |   2211 |   2173 |     38 |     30 |   1674 |   3 |  737.0 |
               +--------+--------+--------+--------+--------+-----+--------+

Top non-repeatable levels by time:
     D:1: 862 daAuts
     D:2: 801 daAuts
     D:3: 546 daAuts
